 Dungeon Crawl Stone Soup version 0.30-a0-1114-gd936c97349 (webtiles) character file.

Game seed: 7710074612072495585

215 retardedninja the Firebug (level 5, -8/38 HPs)
             Began as a Gnoll Fire Elementalist on Apr 20, 2023.
             Killed from afar by an orc wizard (9 damage)
             ... with a magic dart
             ... on level 5 of the Dungeon.
             The game lasted 00:08:23 (5087 turns).

retardedninja the Firebug (Gnoll Fire Elementalist) Turns: 5087, Time: 00:08:24

Health: -8/38      AC:  2    Str:  7    XL:     5   Next: 92%
Magic:  12/12      EV: 14    Int: 17    God:
Gold:   274        SH:  0    Dex: 18    Spells: 11/14 levels left

rFire   . . .      SeeInvis .    k - +0 war axe
rCold   . . .      Faith    .    (no shield)
rNeg    . . .      Spirit   .    a - +0 robe
rPois   .          Reflect  .    (no helmet)
rElec   .          Rampage  .    (no cloak)
rCorr   .                        (no gloves)
Will    .....                    (no boots)
Stlth   +++                      (no amulet)
HPRegen 0.26/turn                d - +6 ring of dexterity
MPRegen 0.13/turn                (no ring)

@: no status effects
A: fangs 1, strong nose, distributed training
a: no special abilities


You were on level 5 of the Dungeon.
You visited 1 branch of the dungeon, and saw 5 of its levels.

You collected 274 gold pieces.

Inventory:

Hand Weapons
 k - a +0 war axe (weapon)
Armour
 a - a +0 robe (worn)
 h - a +0 helmet
 m - a +0 pair of boots
Jewellery
 d - a +6 ring of dexterity (left hand)
 o - a ring of fire
Wands
 r - a wand of polymorph (8)
 s - a wand of iceblast (8)
Scrolls
 c - a scroll of noise
 f - a scroll of poison
 g - a scroll of brand weapon {unknown}
 i - a scroll of identify
 j - 2 scrolls of blinking
Potions
 b - a potion of magic
 e - a potion of curing
 l - 3 potions of flight
 p - a potion of lignification {unknown}
 q - a potion of invisibility


   Skills:
 + Level 1.8 Fighting
 + Level 1.8 Short Blades
 + Level 1.8 Long Blades
 + Level 1.8 Axes
 + Level 1.8 Maces & Flails
 + Level 1.8 Polearms
 + Level 1.8 Staves
 + Level 1.8 Ranged Weapons
 + Level 1.8 Throwing
 + Level 1.8 Armour
 + Level 4.9 Dodging
 + Level 4.5 Stealth
 + Level 1.8 Shields
 + Level 1.8 Unarmed Combat
 + Level 5.3 Spellcasting
 + Level 2.5 Conjurations
 + Level 1.4 Hexes
 + Level 1.4 Summonings
 + Level 1.4 Necromancy
 + Level 1.4 Translocations
 + Level 1.4 Transmutations
 + Level 5.6 Fire Magic
 + Level 1.4 Ice Magic
 + Level 1.4 Air Magic
 + Level 1.4 Earth Magic
 + Level 1.4 Poison Magic
 + Level 2.0 Invocations
 + Level 1.8 Evocations


You had 11 spell levels left.
You knew the following spells:

 Your Spells              Type           Power      Damage    Failure   Level
a - Foxfire               Conj/Fire      72%        2x1d7     2%          1
b - Scorch                Fire           46%        2d7       1%          2

Your spell library contained the following spells:

 Spells                   Type           Power      Damage    Failure   Level
 Magic Dart               Conj           52%        1d5       4%          1
 Inner Flame              Hex/Fire       16%        N/A       10%         3
 Volatile Blastmotes      Fire/Tloc      32%        2d12      10%         3
 Call Imp                 Summ           18%        N/A       12%         2
 Mephitic Cloud           Conj/Pois/Air  10%        N/A       21%         3
 Gell's Gravitas          Tloc           9%         N/A       24%         3
 Teleport Other           Tloc           9%         N/A       24%         3
 Flame Wave               Conj/Fire      18%        2d7       26%         4
 Dispersal                Tloc           4%         N/A       100%        6


Dungeon Overview and Level Annotations

Branches:
Dungeon (5/15)
 Temple: D:4-7

Altars:
Wu Jian

Shops:
D:5 =

Annotations:
D:2 1 runed translucent door, Crazy Yiuf


Innate Abilities, Weirdness & Mutations

You have very sharp teeth.
Your uncanny sense of smell can sniff out nearby items.
Your experience applies equally to all skills.


Message History

You bump into the rock wall.
The orc priest miscasts a cantrip.
Unknown command.
Unknown command.
You hit the orc priest but do no damage.
You bite the orc priest, but do no damage.
You miss something. x2
The orc priest hits you with a +0 flail.
Something hits you. x2
You hit the orc priest but do no damage.
You completely miss something. You closely miss something.
The orc priest hits you with a +0 flail.
Something hits you. x2
You closely miss something. You miss something.
You hit the orc priest but do no damage.
The orc priest closely misses you.
You hear some strange, mumbled words.
Something tries to affect you, but you resist.
Something hits you. Something hits you but does no damage.
You hear some strange, mumbled words.
You are more confused.
The orc priest hits you with a +0 flail!
* * * LOW HITPOINT WARNING * * *
You're too confused to move!
The orc priest hits you with a +0 flail.
* * * LOW HITPOINT WARNING * * *
Something hits you.
* * * LOW HITPOINT WARNING * * *
Something hits you.
* * * LOW HITPOINT WARNING * * *
You feel better.
The orc priest mumbles some strange prayers to Beogh against you.
Beogh smites you!
* * * LOW HITPOINT WARNING * * *
Something hits you.
* * * LOW HITPOINT WARNING * * *
You hear some strange, mumbled words.
A magic dart appears from out of thin air!
The magic dart hits you!
You die...

#................ #
##..#....|..).....
# #.##.............
. #...............
. #
#...............
#.##.....##.....#.#
#.......(.......#.#
............o..##
..###......{@..#
...........##.##
....##.....# ##
#... ###.### ##.
#..# . .....
........
.........#∆
o......##.#


You could see an orc priest.

Vanquished Creatures
  A jelly (D:4)
  An orc wizard (D:4)
  Robin (D:2)
  6 adders
  A worm (D:4)
  3 dart slugs
  4 orcs
  7 ball pythons
  6 endoplasms
  5 giant cockroaches
  12 goblins
  8 hobgoblins
  4 jackals (D:4)
  5 kobolds
  2 quokkas
  5 bats
  4 frilled lizards
  8 rats
83 creatures vanquished.

Vanquished Creatures (others)
  364 foxfires
364 creatures vanquished.

Grand Total: 447 creatures vanquished

Notes
Turn   | Place    | Note
-------+----------+-------------------------------------------
     0 | D:1      | retardedninja the Gnoll Fire Elementalist began the quest
                  | for the Orb.
     0 | D:1      | Reached XP level 1. HP: 13/13 MP: 6/6
   339 | D:1      | Reached XP level 2. HP: 19/19 MP: 5/7
   804 | D:1      | Reached skill level 5 in Spellcasting
   804 | D:1      | Reached XP level 3. HP: 25/25 MP: 4/9
  1301 | D:1      | Reached skill level 1 in Invocations
  1567 | D:2      | Reached skill level 1 in Fighting
  1567 | D:2      | Reached skill level 1 in Short Blades
  1567 | D:2      | Reached skill level 1 in Long Blades
  1567 | D:2      | Reached skill level 1 in Axes
  1567 | D:2      | Reached skill level 1 in Maces & Flails
  1567 | D:2      | Reached skill level 1 in Polearms
  1567 | D:2      | Reached skill level 1 in Staves
  1567 | D:2      | Reached skill level 1 in Ranged Weapons
  1567 | D:2      | Reached skill level 1 in Throwing
  1567 | D:2      | Reached skill level 1 in Armour
  1567 | D:2      | Reached skill level 1 in Shields
  1567 | D:2      | Reached skill level 1 in Unarmed Combat
  1567 | D:2      | Reached skill level 1 in Evocations
  1795 | D:2      | Found a runed translucent door.
  1796 | D:2      | Noticed Crazy Yiuf
  2047 | D:2      | Noticed Robin
  2049 | D:2      | Reached XP level 4. HP: 32/32 MP: 6/11
  2089 | D:2      | Killed Robin
  2780 | D:3      | Reached skill level 1 in Hexes
  2780 | D:3      | Reached skill level 1 in Summonings
  2780 | D:3      | Reached skill level 1 in Necromancy
  2780 | D:3      | Reached skill level 1 in Translocations
  2780 | D:3      | Reached skill level 1 in Transmutations
  2780 | D:3      | Reached skill level 1 in Ice Magic
  2780 | D:3      | Reached skill level 1 in Air Magic
  2780 | D:3      | Reached skill level 1 in Earth Magic
  2780 | D:3      | Reached skill level 1 in Poison Magic
  3649 | D:3      | Reached XP level 5. HP: 37/37 MP: 10/12
  4205 | D:4      | Found an ornate altar of the Wu Jian Council.
  4859 | D:4      | Learned a level 2 spell: Scorch
  4894 | D:5      | Entered Level 5 of the Dungeon
  4942 | D:5      | Found Wuinakh's Jewellery Shop.
  5087 | D:5      | HP: 1/38 [something (1)]
  5087 | D:5      | Killed from afar by an orc wizard

Illustrated notes

Levels and vault maps discovered:
D:1:      dpeg_arrival_snail, layout_basic, hangedman_feature_mirror,
          skrybe_limestone_x
D:2:      layout_loops_cross, uniq_crazy_yiuf_cottage, uniq_robin
D:3:      layout_basic
D:4:      layout_loops_ring, nzn_wu_jian_contemplation
D:5:      layout_cave_pools, amethyst_overflow_temple_binary, serial_shops,
          nicolae_inconvenience_store, uniq_edmund

Skill      XL: |  1  2  3  4  5 |
---------------+----------------+-----
Conjurations   | 2 |  2.5
Spellcasting   | 5 |  5.3
Invocations    | 1 2 |  2.0
Fighting       | 1 |  1.8
Short Blades   | 1 |  1.8
Long Blades    | 1 |  1.8
Axes           | 1 |  1.8
Maces & Flails | 1 |  1.8
Polearms       | 1 |  1.8
Staves         | 1 |  1.8
Ranged Weapons | 1 |  1.8
Throwing       | 1 |  1.8
Armour         | 1 |  1.8
Shields        | 1 |  1.8
Unarmed Combat | 1 |  1.8
Evocations     | 1 |  1.8
Hexes          | 1 |  1.4
Summonings     | 1 |  1.4
Necromancy     | 1 |  1.4
Translocations | 1 |  1.4
Transmutations | 1 |  1.4
Ice Magic      | 1 |  1.4
Air Magic      | 1 |  1.4
Earth Magic    | 1 |  1.4
Poison Magic   | 1 |  1.4
Dodging        | |  4.9
Stealth        | |  4.5
Fire Magic     | |  5.6

Action                     |  1- 3 |  4- 6 || total
---------------------------+-------+-------++-------
  Melee: Unarmed           |     4 |       ||     4
         Punch             |     1 |       ||     1
         War axe           |       |    30 ||    30
         Bite              |       |     4 ||     4
   Cast: Foxfire           |   118 |   118 ||   236
    Use: Potion            |       |    12 ||    12
         Scroll            |       |     5 ||     5
   Stab: Invisible         |       |     3 ||     3
 Armour: Robe              |     6 |    18 ||    24
  Dodge: Dodged            |    17 |   105 ||   122

Table legend: (Time is in decaauts)
 A = Elapsed time spent in this place.
 B = Non-inter-level travel time spent in this place.
 C = Inter-level travel time spent in this place.
 D = Time resting spent in this place.
 E = Time spent auto-exploring this place.
 F = Levels seen in this place.
 G = Mean time per level.
                   A        B        C        D        E       F      G
               +--------+--------+--------+--------+--------+-----+--------+
         Total |   5097 |   4964 |    133 |    303 |   3832 |   5 | 1019.4 |
       Dungeon |   5097 |   4964 |    133 |    303 |   3832 |   5 | 1019.4 |
               +--------+--------+--------+--------+--------+-----+--------+

Top non-repeatable levels by time:
     D:2: 1407 daAuts
     D:1: 1368 daAuts
     D:4: 1182 daAuts
     D:3: 944 daAuts
     D:5: 194 daAuts
